 Dungeon Crawl Stone Soup version 0.27.1 (webtiles) character file.

Game seed: 5208567078086296160

4829 MacCMillion the Grappler (level 10, -1/88 HPs)
             Began as a Troll Monk on Aug 25, 2021.
             Was a High Priest of Hepliaklqana.
             Slain by a red devil (18 damage)
             ... on level 10 of the Dungeon.
             The game lasted 00:27:31 (6630 turns).

MacCMillion the Grappler (Troll Monk)               Turns: 6630, Time: 00:27:32

Health: -1/88      AC:  4    Str: 30    XL:     10   Next: 25%
Magic:  9/9        EV: 15    Int:  6    God:    Hepliaklqana [*****.]
Gold:   486        SH:  0    Dex: 12    Spells: 9/9 levels left

rFire    . . .     SeeInvis .     - Unarmed
rCold    . . .     Faith    .   (no shield)
rNeg     . . .     Spirit   .   a - +0 robe
rPois    .         Reflect  .   (helmet restricted)
rElec    .         Harm     .   (no cloak)
rCorr    .         Rampage  .   (gloves unavailable)
Will     .....                  (boots unavailable)
Stlth    ++........             v - amulet of regeneration
HPRegen  2.24/turn              s - +4 ring of evasion
MPRegen  0.11/turn              E - +6 ring of strength

@: no status effects
A: reduced essence, large, unfitting armour, claws 3, regeneration 1, shaggy fur
1, tough skin 1
a: Renounce Religion, Recall Ancestor, Ancestor Identity, Transference, Idealise


You were on level 10 of the Dungeon.
You worshipped Hepliaklqana.
Hepliaklqana was extremely pleased with you.
You visited 1 branch of the dungeon, and saw 10 of its levels.

You collected 522 gold pieces.
You spent 36 gold pieces at shops.

Inventory:

Missiles
 n - 2 throwing nets (quivered)
Armour
 a - a +0 robe (worn)
 H - a +2 robe of willpower
Jewellery
 s - a +4 ring of evasion (left claw)
 t - a +6 ring of intelligence
 v - an amulet of regeneration (around neck)
 w - a ring of wizardry
 E - a +6 ring of strength (right claw)
Wands
 A - a wand of flame (39)
 G - a wand of paralysis (10)
Scrolls
 b - 3 scrolls of identify
 c - 3 scrolls of teleportation
 e - 2 scrolls of enchant weapon {unknown}
 f - 2 scrolls of vulnerability {unknown}
 h - 3 scrolls of fog {unknown}
 j - 2 scrolls of enchant armour {unknown}
 k - 3 scrolls of magic mapping {unknown}
 m - 2 scrolls of torment {unknown}
 o - a scroll of holy word {unknown}
 r - a scroll of amnesia {unknown}
 y - 2 scrolls of blinking {unknown}
 D - a scroll of silence {unknown}
 F - a scroll of brand weapon {unknown}
Potions
 d - a potion of resistance
 g - a potion of heal wounds
 i - 2 potions of haste
 l - 3 potions of curing
 p - 2 potions of lignification
 q - a potion of degeneration {unknown}
 u - 3 potions of berserk rage
 x - 2 potions of flight
 z - a potion of cancellation
 B - a potion of magic {unknown}
 C - a potion of might {unknown}


   Skills:
 + Level 5.9 Fighting
 - Level 0.1 Maces & Flails
 + Level 5.9 Dodging
 + Level 4.2 Stealth
 * Level 10.5 Unarmed Combat


You had 9 spell levels left.
You didn't know any spells.
Your spell library contained the following spells:

 Spells                   Type           Power      Damage    Failure   Level
 Corpse Rot               Necr/Air       N/A        N/A       58%         2
 Poisonous Vapours        Pois/Air       0%         N/A       58%         2
 Gell's Gravitas          Tloc           0%         N/A       83%         3
 Inner Flame              Hex/Fire       0%         N/A       83%         3
 Lesser Beckoning         Tloc           0%         N/A       83%         3
 Ozocubu's Armour         Ice            0%         N/A       83%         3
 Teleport Other           Tloc           0%         N/A       83%         3
 Animate Armour           Summ/Erth      0%         N/A       99%         4
 Cause Fear               Hex            0%         N/A       99%         4
 Blade Hands              Tmut           0%         N/A       100%        5
 Freezing Cloud           Conj/Ice/Air   0%         6-21      100%        5
 Iron Shot                Conj/Erth      0%         9d1       100%        6
 Ozocubu's Refrigeration  Ice            0%         4d5       100%        7
 Discord                  Hex            0%         N/A       100%        8


Dungeon Overview and Level Annotations

Branches:
Dungeon (10/15)            Temple (0/1) D:5
   Lair: D:8-11         Orc: D:9-12

Altars:
Gozag
Hepliaklqana
Nemelex Xobeh
Wu Jian

Shops:
D:4 !

Annotations:
D:8 3 runed translucent doors, Malachi's ghost, novice TrBe
D:9 2 transporters, dracos369's ghost, novice GnAr
D:10 1 runed translucent door, Malachi's ghost, novice OpTm


Innate Abilities, Weirdness & Mutations

Your life essence is reduced to manifest your ancestor. (-10% HP)
You are too large for most types of armour.
You have claws for hands.
Your natural rate of healing is unusually fast.
You are covered in fur. (AC +1)
You have tough skin. (AC +1)


Message History

The orange demon barely misses you. The orange demon closely misses you.
Waqi points at the yak and mumbles some strange words.
The yak resists with some effort.
You mangle the orange demon!!
You kill the orange demon!
The yak gores you.
Waqi barely misses the yak.
You claw the yak!
The yak is moderately wounded.
The red devil closely misses you. The yak gores you.
You barely miss the yak.
The yak is moderately wounded.
Waqi barely misses the yak.
The red devil hits you from afar with a +1 demon trident of electrocution!!
The yak barely misses you. The yak closely misses you.
You mangle the yak!!
The yak is almost dead.
Waqi hits the yak with a +0 dagger of draining.
The yak dies!
The red devil hits you from afar with a +1 demon trident of electrocution!
Waqi completely misses the yak.
The yak gores Waqi!
The red devil hits you with a +1 demon trident of electrocution!
Waqi barely misses the yak.
The yak barely misses Waqi.
The red devil closely misses you.
Waqi gestures at the yak while chanting.
The yak resists with some effort.
The yak barely misses Waqi.
The red devil hits you from afar with a +1 demon trident of electrocution!!
Waqi hits the yak with a +0 dagger of draining!
Waqi drains the yak.
The yak gores Waqi!
The yak barely misses Waqi.
The yak misses you.
The red devil hits you but does no damage.
You are electrocuted!
* * * LOW HITPOINT WARNING * * *
There is a stone staircase leading up, spattered with blood here.
Waqi hits the yak with a +0 dagger of draining!
The yak gores Waqi!
Waqi is destroyed!
The yak gores you!
* * * LOW HITPOINT WARNING * * *
The red devil hits you from afar with a +1 demon trident of electrocution!!
You die...

.######......> .#
.#....##### #.. .#
>#....#$.!# ..
.....#.##.>..#.?.#..
#......##....#.WW#.#
#......##...Y##+##.#
#......# ##Y.4....#####
#......# #.............
#......####...YY@.......
#..............)........
#........†######.)...###
.......#### #.....#
..)....# ##....#
.......# ###.# .......#
## .<....## ......#


You could see a freezing wraith, 4 yaks, a red devil and Malachi's ghost.

Vanquished Creatures
  An orange demon (D:10)
  A komodo dragon (D:6)
  A shadow (D:9)
  Grum (D:10)
  A water moccasin (D:7)
  An ice beast (D:7)
  A hornet zombie (D:5)
  5 ogres
  3 orc warriors (D:9)
  A black bear (D:8)
  A sky beast (D:5)
  2 centaurs
  4 kobold brigands
  A bullfrog (D:9)
  A scorpion (D:5)
  A gnoll sergeant (D:5)
  5 killer bees (D:8)
  A water moccasin skeleton (D:4)
  2 howler monkeys
  2 centaur zombies
  3 orc priests
  A centaur skeleton (D:7)
  A gnoll shaman (D:4)
  Jessica (D:2)
  3 iguanas
  8 orc wizards
  Natasha (twice) (D:2 D:3)
  A killer bee zombie (D:7)
  4 adders
  9 gnolls
  2 howler monkey zombies
  2 shadow imps
  A white imp (D:6)
  7 dart slugs
  24 orcs
  11 endoplasms
  6 giant cockroaches
  9 hobgoblins
  8 jackals
  4 quokkas
  9 ball pythons
  4 bats
  3 frilled lizards
  8 goblins
  20 kobolds
  5 rats
192 creatures vanquished.

Vanquished Creatures (collateral kills)
  A wyvern (D:5)
  2 yaks (D:10)
  3 wolves (D:9)
  2 ogres
  A killer bee (D:8)
  A howler monkey (D:4)
  A gnoll shaman (D:7)
  Natasha (D:3)
  Terence (D:2)
  A gnoll (D:7)
  A worm (D:4)
  5 orcs
  A goblin (D:3)
  2 jackals (D:4)
  2 kobolds
25 creatures vanquished.

Vanquished Creatures (others)
  5 hexers
  2 plants (D:1)
7 creatures vanquished.

Grand Total: 224 creatures vanquished

Notes
Turn   | Place    | Note
-------+----------+-------------------------------------------
     0 | D:1      | MacCMillion the Troll Monk began the quest for the Orb.
     0 | D:1      | Reached XP level 1. HP: 22/22 MP: 0/0
   176 | D:1      | Reached XP level 2. HP: 29/29 MP: 1/1
   869 | D:1      | Found a faded altar of an unknown god.
   874 | D:1      | Became a worshipper of Hepliaklqana the Forgotten
   874 | D:1      | Reached * piety under Hepliaklqana
   874 | D:1      | Reached ** piety under Hepliaklqana
   928 | D:2      | Reached XP level 3. HP: 32/32 MP: 2/2
  1085 | D:2      | You fall into a shaft and drop 1 floor!
  1085 | D:3      | Reached *** piety under Hepliaklqana
  1143 | D:3      | Reached XP level 4. HP: 39/39 MP: 3/3
  1217 | D:3      | Noticed Jessica
  1222 | D:2      | Killed Jessica
  1223 | D:2      | Reached skill level 4 in Unarmed Combat
  1253 | D:2      | Noticed Natasha
  1265 | D:2      | Killed Natasha
  1467 | D:2      | Noticed Terence
  1498 | D:2      | Killed Terence
  1499 | D:2      | Reached XP level 5. HP: 17/47 MP: 4/4
  1521 | D:2      | Noticed Natasha
  2011 | D:3      | Killed Natasha
  2122 | D:3      | Found an opulent altar of Gozag.
  2122 | D:3      | Found a sparkling altar of Nemelex Xobeh.
  2153 | D:3      | Noticed Natasha
  2162 | D:3      | Killed Natasha
  2163 | D:3      | Reached skill level 5 in Unarmed Combat
  2327 | D:4      | Remembered your ancestor Waqi as a hexer
  2397 | D:4      | Reached XP level 6. HP: 39/54 MP: 5/5
  2593 | D:4      | Found Poze's Distillery.
  2605 | D:4      | Bought a potion of curing for 36 gold pieces
  2932 | D:4      | Reached **** piety under Hepliaklqana
  2939 | D:4      | Reached skill level 6 in Unarmed Combat
  2964 | D:4      | Reached XP level 7. HP: 60/60 MP: 6/6
  3317 | D:4      | Reached skill level 7 in Unarmed Combat
  3432 | D:5      | Entered Level 5 of the Dungeon
  3432 | D:5      | Noticed a wyvern
  3436 | D:5      | Killed a wyvern
  3441 | D:5      | Reached XP level 8. HP: 57/70 MP: 7/7
  3804 | D:5      | Found a staircase to the Ecumenical Temple.
  3814 | D:5      | Reached skill level 8 in Unarmed Combat
  3943 | D:6      | Noticed a komodo dragon
  3955 | D:6      | Killed a komodo dragon
  4320 | D:7      | Reached XP level 9. HP: 76/76 MP: 8/8
  4437 | D:7      | Found an ornate altar of the Wu Jian Council.
  4472 | D:7      | Reached skill level 9 in Unarmed Combat
  4543 | D:7      | Reached skill level 5 in Dodging
  4690 | D:8      | Reached skill level 5 in Fighting
  4893 | D:8      | Reached ***** piety under Hepliaklqana
  4931 | D:8      | Found a runed translucent gate.
  4931 | D:8      | Found a runed translucent gate.
  4932 | D:8      | Found a runed translucent gate.
  4933 | D:8      | Found an opulent altar of Gozag.
  4936 | D:8      | Noticed Malachi's ghost (novice TrBe)
  4936 | D:8      | Noticed a two-headed ogre
  5432 | D:9      | Found a transporter.
  5505 | D:9      | Found a transporter.
  5931 | D:9      | Noticed dracos369's ghost (novice GnAr)
  6096 | D:9      | Reached skill level 10 in Unarmed Combat
  6399 | D:10     | Entered Level 10 of the Dungeon
  6469 | D:10     | Noticed Malachi's ghost (novice OpTm)
  6469 | D:10     | Noticed a freezing wraith
  6469 | D:10     | Noticed Grum
  6469 | D:10     | Found a runed translucent door.
  6478 | D:9      | Reached XP level 10. HP: 18/87 MP: 6/9
  6610 | D:10     | Noticed an orange demon
  6614 | D:10     | Killed Grum
  6621 | D:10     | Noticed an orange demon
  6622 | D:10     | Killed an orange demon
  6630 | D:10     | Slain by a red devil

Illustrated notes

Levels and vault maps discovered:
D:1:      dpeg_arrival_rhombus, layout_basic, shapermc_ecumenical_altar_petra,
          minmay_misc_feat_five, minmay_tall_x
D:2:      layout_rooms, minmay_misc_feat_square, uniq_terence, uniq_natasha
D:3:      minmay_angry_zag, layout_rooms, grunt_temple_overflow_opulence,
          uniq_jessica
D:4:      minmay_thinvault, layout_loops_cross, amethyst_killhole,
          nicolae_wooded_promenade, minivault_4
D:5:      layout_basic, minmay_temple_entry_butterflies
D:6:      layout_rooms
D:7:      layout_gridville, nicolae_wu_jian_wuxing_cycle,
          nicolae_tso_swordbearing_angel
D:8:      layout_basic, ebering_ghost_gozag, dk_noncrumbling_4
D:9:      layout_stronghold, gammafunk_ghost_stat_death
D:10:     layout_rooms, bloody_trog, chequers_temple_overflow_minitemple,
          nicolae_overflow_crystal_walls, mainiacjoe_overflow_large_starburst,
          orc_0_dummy, ebering_ghost_inner_flame, special_room
          [special_room_orc], minivault_16, minmay_beelzebubs_servants,
          uniq_grum

Skill      XL: |  1  2  3  4  5  6  7  8  9 |
---------------+----------------------------+-----
Fighting       | 3 4 5 |  5.9
Unarmed Combat | 4 5 6 7 8 10 | 10.5
Dodging        | 3 4 5 |  5.9
Stealth        | 2 3 4 |  4.2
Maces & Flails | |  0.1

Action                   |  1- 3 |  4- 6 |  7- 9 | 10-12 || total
-------------------------+-------+-------+-------+-------++-------
Melee: Unarmed           |    90 |   131 |   293 |    19 ||   533
       Punch             |       |     3 |    15 |     1 ||    19
       Giant spiked club |       |       |     3 |       ||     3
Invok: Ancestor Life: He |       |     1 |       |       ||     1
       Transference      |       |       |     1 |       ||     1
  Use: Scroll            |       |     2 |     5 |       ||     7
 Stab: Sleeping          |     2 |     2 |     6 |       ||    10
       Distracted        |     1 |     1 |     3 |       ||     5
       Confused          |       |     1 |     8 |       ||     9
Armor: Robe              |    30 |    45 |    46 |     2 ||   123
Dodge: Dodged            |    27 |    58 |   204 |    29 ||   318
